 Dungeon Crawl Stone Soup version 0.21-a0-525-ga34b322 (webtiles) character file.

911 robertstho the Fighter (level 8, -13/71 HPs)
             Began as a Gnoll Wanderer on Dec 7, 2017.
             Was a Follower of Elyvilon.
             Mangled by an ogre
             ... wielding a +0 giant club
              (15 damage)
             ... on level 5 of the Dungeon.
             The game lasted 00:14:20 (4297 turns).

robertstho the Fighter (Gnoll Wanderer)             Turns: 4297, Time: 00:14:21

Health: -13/71     AC: 11    Str: 13    XL:     8   Next: 8%
Magic:  12/12      EV:  7    Int: 14    God:    Elyvilon [*.....]
Gold:   227        SH:  0    Dex: 16    Spells: 12/12 levels left

rFire    . . .     SeeInvis .   s - +0 battleaxe
rCold    + . .     Gourm    .   (shield currently unavailable)
rNeg     . . .     Faith    .   i - +0 chain mail of Aschic {rPois rC+ Str-3} (curse)
rPois    +         Spirit   .   k - +0 helmet
rElec    .         Reflect  .   y - +0 cloak {+Inv}
rCorr    .         Harm     .   (no gloves)
MR       .....     Rnd*Tele +   (no boots)
Stlth    ..........             (no amulet)
HPRegen  0.21/turn              d - ring of teleportation (curse)
MPRegen  0.13/turn              g - ring of loudness (curse)

@: no status effects
A: distributed training, fangs 1, strong nose
a: Lesser Healing, Divine Protection, Renounce Religion, Evoke Invisibility


You were on level 5 of the Dungeon.
You worshipped Elyvilon.
Elyvilon was aware of your devotion.
You were not hungry.

You visited 1 branch of the dungeon, and saw 5 of its levels.
You also visited: Sewer.

You collected 227 gold pieces.

Inventory:

Hand Weapons
 b - a +0 short sword
 e - a +0 hand axe
 s - a +0 battleaxe (weapon)
Missiles
 h - 11 tomahawks (quivered)
Armour
 a - a +2 leather armour
 i - the cursed +0 chain mail of Aschic (worn) {rPois rC+ Str-3}
   (You took it off a gnoll on level 4 of the Dungeon)

   It affects your strength (-3).
   It protects you from cold.
   It protects you from poison.
   It has a curse placed upon it.
 k - a +0 helmet (worn)
 y - a +0 cloak of invisibility (worn)
Jewellery
 d - a cursed ring of teleportation (left hand)
 g - a cursed ring of loudness (right hand)
 r - an uncursed ring of protection from cold {unknown}
 B - a +3 ring of intelligence {unknown}
Scrolls
 j - 4 scrolls of magic mapping {unknown}
 l - a scroll of random uselessness {unknown}
 o - 2 scrolls of remove curse {unknown}
 t - a scroll of enchant weapon {unknown}
 u - a scroll of fear {unknown}
 w - a scroll of identify
 D - a scroll of teleportation
Potions
 c - a potion of mutation {unknown}
 m - 3 potions of ambrosia {unknown}
 n - a potion of lignification
 v - 3 potions of flight {unknown}
 z - 2 potions of heal wounds {unknown}
Comestibles
 f - 4 bread rations
 p - 2 fruits
 q - 2 royal jellies
 C - a meat ration


   Skills:
 + Level 9.0 Fighting
 + Level 3.9 Short Blades
 + Level 3.9 Long Blades
 + Level 2.9 Axes
 + Level 2.9 Maces & Flails
 + Level 2.9 Polearms
 + Level 2.9 Staves
 + Level 2.9 Slings
 + Level 2.9 Bows
 + Level 2.9 Crossbows
 + Level 2.9 Throwing
 + Level 2.9 Armour
 + Level 3.9 Dodging
 + Level 5.1 Stealth
 + Level 3.9 Shields
 + Level 2.9 Unarmed Combat
 + Level 2.9 Spellcasting
 + Level 2.3 Conjurations
 + Level 2.3 Hexes
 + Level 2.3 Charms
 + Level 2.3 Summonings
 + Level 2.3 Necromancy
 + Level 2.3 Translocations
 + Level 2.3 Transmutations
 + Level 2.3 Fire Magic
 + Level 2.3 Ice Magic
 + Level 2.3 Air Magic
 + Level 2.3 Earth Magic
 + Level 2.3 Poison Magic
 + Level 3.2 Invocations
 + Level 2.9 Evocations


You had 12 spell levels left.
You didn't know any spells.

Dungeon Overview and Level Annotations

Branches:
Dungeon (5/15)
 Temple: D:4-7

Altars:
Ashenzari
Fedhas
Gozag
Makhleb
Ru
Xom

Shops:
D:4 *   D:5 [

Annotations:
D:3 2 transporters


Innate Abilities, Weirdness & Mutations

Your experience applies equally to all skills.
You have very sharp teeth.
Your uncanny sense of smell can sniff out nearby items.


Message History

You hit the ogre.
The ogre is heavily wounded.
You miss the hound.
The hound bites you but does no damage. x2
The ogre hits you with a giant club.
* * * LOW HITPOINT WARNING * * *
The hound barely misses you.
You feel better. The hound barely misses you.
The ogre hits you with a giant club!!
* * * LOW HITPOINT WARNING * * *
You hit the ogre but do no damage.
The ogre is heavily wounded.
You closely miss the hound. The hound barely misses you.
The hound bites you but does no damage. The ogre hits you with a giant club.
* * * LOW HITPOINT WARNING * * *
The hound bites you but does no damage.
You hit the ogre.
The ogre is severely wounded.
Your chain mail of Aschic prevents you from hitting the hound.
The hound bites you but does no damage. The ogre hits you with a giant club!
You die...

##...#......#
#.....##.#####
##...#####..#.#####
#.....## #..#....##
#.#....####...#....##
..#......##..........#
. #...##.......##...#
.....#####....#.#O..#
....# ###.#..@...##
.... #.##..h...# .#..
..###......# # #..#
.......# #..#
........#
#.......(....#
..............
........... .......


You could see an ogre and a hound.

Vanquished Creatures
  Eustachio (D:4)
  A black bear (D:3)
  2 ogres (D:4)
  A big kobold (Sewer)
  A howler monkey (D:4)
  A crimson imp (D:5)
  3 hounds
  An orc wizard (D:5)
  A hound zombie (D:5)
  8 adders
  4 gnolls (D:4)
  A river rat (Sewer)
  An ooze (D:3)
  A worm (D:5)
  3 dart slugs
  3 leopard geckos (D:4)
  14 orcs
  3 giant cockroaches
  9 hobgoblins
  5 jackals
  7 bats
  8 frilled lizards
  7 goblins
  12 kobolds
  A quokka skeleton (D:4)
  8 rats
107 creatures vanquished.

Notes
Turn   | Place    | Note
-------+----------+-------------------------------------------
     0 | D:1      | robertstho the Gnoll Wanderer began the quest for the Orb.
     0 | D:1      | robertstho set off with: a +2 leather armour, a +0 short sword, a scroll of teleportation, a +0 dagger, a bread ration
     0 | D:1      | Reached XP level 1. HP: 26/26 MP: 1/1
   141 | D:1      | Reached XP level 2. HP: 25/33 MP: 2/2
   825 | D:2      | Reached XP level 3. HP: 38/38 MP: 3/3
  1383 | D:3      | Reached skill level 1 in Invocations
  1406 | D:3      | Noticed a black bear
  1413 | D:3      | Reached skill level 1 in Axes
  1413 | D:3      | Reached skill level 1 in Maces & Flails
  1413 | D:3      | Reached skill level 1 in Polearms
  1413 | D:3      | Reached skill level 1 in Staves
  1413 | D:3      | Reached skill level 1 in Slings
  1413 | D:3      | Reached skill level 1 in Bows
  1413 | D:3      | Reached skill level 1 in Crossbows
  1413 | D:3      | Reached skill level 1 in Throwing
  1413 | D:3      | Reached skill level 1 in Armour
  1413 | D:3      | Reached skill level 1 in Unarmed Combat
  1413 | D:3      | Reached skill level 1 in Spellcasting
  1413 | D:3      | Reached skill level 1 in Evocations
  1662 | D:3      | Reached XP level 4. HP: 44/45 MP: 5/5
  1689 | D:3      | Found a transporter.
  1707 | D:3      | Found a transporter.
  1790 | D:3      | Killed a black bear
  1790 | D:3      | Reached skill level 1 in Conjurations
  1790 | D:3      | Reached skill level 1 in Hexes
  1790 | D:3      | Reached skill level 1 in Charms
  1790 | D:3      | Reached skill level 1 in Summonings
  1790 | D:3      | Reached skill level 1 in Necromancy
  1790 | D:3      | Reached skill level 1 in Translocations
  1790 | D:3      | Reached skill level 1 in Transmutations
  1790 | D:3      | Reached skill level 1 in Fire Magic
  1790 | D:3      | Reached skill level 1 in Ice Magic
  1790 | D:3      | Reached skill level 1 in Air Magic
  1790 | D:3      | Reached skill level 1 in Earth Magic
  1790 | D:3      | Reached skill level 1 in Poison Magic
  1790 | D:3      | Reached XP level 5. HP: 6/51 MP: 5/7
  2552 | D:4      | Found Gozag's Platinum Reserve.
  2552 | D:4      | Found an opulent altar of Gozag.
  2585 | D:4      | Noticed an ogre
  2588 | D:4      | Reached XP level 6. HP: 47/57 MP: 8/8
  2838 | D:4      | Found a shimmering altar of Xom.
  2899 | D:4      | Got a faintly glowing chain mail
  2910 | D:4      | Identified the cursed +0 chain mail of Aschic {rPois rC+ Str-3} (You took it off a gnoll on level 4 of the Dungeon)
  3024 | D:4      | Found a glowing drain.
  3055 | Sewer    | Entered a sewer
  3144 | Sewer    | Reached XP level 7. HP: 36/63 MP: 10/10
  3162 | Sewer    | Found a white marble altar of Elyvilon.
  3173 | Sewer    | Became a worshipper of Elyvilon the Healer
  3233 | D:4      | Noticed Eustachio
  3271 | D:4      | Killed Eustachio
  3500 | D:4      | Reached skill level 5 in Stealth
  3606 | D:4      | Found a shattered altar of Ashenzari.
  3638 | D:4      | Reached skill level 9 in Fighting
  3777 | D:4      | Found a blossoming altar of Fedhas.
  3777 | D:4      | Found an opulent altar of Gozag.
  3783 | D:4      | Found a faded altar of an unknown god.
  3816 | D:4      | Found a sacrificial altar of Ru.
  3818 | D:4      | Found a faded altar of an unknown god.
  3953 | D:5      | Entered Level 5 of the Dungeon
  3992 | D:5      | Reached * piety under Elyvilon
  4019 | D:5      | Reached XP level 8. HP: 57/71 MP: 12/12
  4072 | D:5      | Found Onned's Armour Shoppe.
  4125 | D:5      | Found a burning altar of Makhleb.
  4296 | D:5      | HP: 2/71 [ogre/giant club (3)]
  4297 | D:5      | Mangled by an ogre

Vault maps used:
D:1:      shiori_arrival_oz, serial_park_tiny_2, minmay_misc_feat_pillars
D:2:      hangedman_decor_peaks_small, minmay_pentomino_u4
D:3:      gammafunk_wand_slinger
D:4:      chequers_temple_overflow_minitemple, marbit_many_paths,
          kennysheep_little_box, first_bread, gup_sewer_entry_glass,
          nicolae_gozag_zags_fifth_avenue, uniq_eustachio
D:5:      makhleb_blood_cavern_becter, led_sif_pool,
          lemuel_coloured_pillars_altar, overflow_temple_1_default,
          serial_shops, shop, basic_altar
Sewer:    sewer_kobolds

Skill      XL: |  1  2  3  4  5  6  7 |
---------------+----------------------+-----
Invocations    | 1 2 3 |  3.2
Axes           | 1 2 |  2.9
Maces & Flails | 1 2 |  2.9
Polearms       | 1 2 |  2.9
Staves         | 1 2 |  2.9
Slings         | 1 2 |  2.9
Bows           | 1 2 |  2.9
Crossbows      | 1 2 |  2.9
Throwing       | 1 2 |  2.9
Armour         | 1 2 |  2.9
Unarmed Combat | 1 2 |  2.9
Spellcasting   | 1 2 |  2.9
Evocations     | 1 2 |  2.9
Short Blades   | 3 |  3.9
Long Blades    | 3 |  3.9
Dodging        | 3 |  3.9
Shields        | 3 |  3.9
Conjurations   | 1 2 |  2.3
Hexes          | 1 2 |  2.3
Charms         | 1 2 |  2.3
Summonings     | 1 2 |  2.3
Necromancy     | 1 2 |  2.3
Translocations | 1 2 |  2.3
Transmutations | 1 2 |  2.3
Fire Magic     | 1 2 |  2.3
Ice Magic      | 1 2 |  2.3
Air Magic      | 1 2 |  2.3
Earth Magic    | 1 2 |  2.3
Poison Magic   | 1 2 |  2.3
Stealth        | 5 |  5.1
Fighting       | 9 |  9.0

Action                   |  1- 3 |  4- 6 |  7- 9 || total
-------------------------+-------+-------+-------++-------
Melee: Short sword       |    67 |       |       ||    67
       Bite              |    11 |    13 |    18 ||    42
       Hand axe          |    99 |       |       ||    99
       Battleaxe         |       |   106 |   127 ||   233
  Use: Scroll            |     3 |       |       ||     3
       Potion            |     1 |     2 |     1 ||     4
 Stab: Sleeping          |     1 |     1 |       ||     2
  Eat: Chunk             |     2 |     6 |     4 ||    12
Armor: Leather armour    |    66 |    16 |       ||    82
       Chain mail        |       |    44 |   134 ||   178
Dodge: Dodged            |   140 |    98 |    73 ||   311

Table legend:
 A = Spawn XP
 B = Non-spawn XP
 C = Spawn XP percentage of total XP
 D = Spawn monster count
 E = Non-spawn monster count
 F = Spawn count percentage of total count
 G = Total turns spent on level
                    A         B        C        D         E        F      G
               +---------+---------+-------+---------+---------+-------+---------
         Total |       0 |    1302 |   0.0 |       0 |     107 |   0.0 |  4297
               +---------+---------+-------+---------+---------+-------+---------
           D:1 |       0 |      31 |   0.0 |       0 |      21 |   0.0 |   753
           D:2 |       0 |      20 |   0.0 |       0 |      13 |   0.0 |   805
           D:3 |       0 |     202 |   0.0 |       0 |      23 |   0.0 |   934
           D:4 |       0 |     709 |   0.0 |       0 |      22 |   0.0 |  1303
           D:5 |       0 |     212 |   0.0 |       0 |      18 |   0.0 |   344
         Sewer |       0 |     128 |   0.0 |       0 |      10 |   0.0 |   158
               +---------+---------+-------+---------+---------+-------+---------
